Map: Lost and Found LE

Players

Goose - Winner!

  • Race: Protoss Protoss
  • League: Platinum
  • Spawn Location: 7:00

Epicnoob

  • Race: Protoss Protoss
  • League: Diamond
  • Spawn Location: 1:00

VOD

Have the link to the VOD?

Description

When they call me a goose

Time

  • Played on: Sept. 14, 2018, 6:20 p.m.
  • Length: 3:06
Show
View Real Time Build Order
Export as new Build Order

Goose Protoss - Winner!

Build Orders: Cannon Rush 

Get SALT Encoding   

  12  0:01  Probe  
  13  0:13  Probe  
  14  0:17  Pylon  
  14  0:25  Probe  
  15  0:36  Forge  
  15  0:40  Probe  
  16  0:51  Pylon  
  16  0:55  Probe  
  17  1:12  Photon Cannon  
  17  1:17  Photon Cannon  
  17  1:30  Photon Cannon  
  17  1:56  Pylon  
  17  2:06  Pylon  
  17  2:14  Pylon  
  17  2:17  Pylon  
  17  2:25  Photon Cannon  
  17  2:27  Photon Cannon  
  17  2:29  Photon Cannon  
  17  2:34  Photon Cannon  
  17  3:02  Photon Cannon  
  17  3:06  Photon Cannon  
Show
View Real Time Build Order
Export as new Build Order

Epicnoob Protoss 

Build Orders:  

Get SALT Encoding   

  1  0:00  Probe  
  12  0:05  Probe  
  14  0:15  Probe  
  15  0:24  Pylon  
  15  0:32  Assimilator  
  15  0:39  Assimilator  
  15  0:46  Gateway  
  15  0:54  Probe  
  16  1:02  Probe  
  16  1:10  Probe  
  18  1:22  Probe  
  19  1:34  Probe  
  19  1:37  Cybernetics Core  
  20  1:41  Pylon  
  20  1:47  Probe  
  21  1:56  Zealot  
  21  1:59  Pylon, Probe  
  24  2:11  Probe  
  22  2:23  Probe  
  22  2:26  Zealot  
Tags
 
Add a new tag
Caveats
  • Supply blocks, unpowered buildings, or Contaminate may cause inaccurate times.
  • Supply counts are checked every 10 seconds.